 Dungeon Crawl Stone Soup version 0.19-a0-926-g4486784 (webtiles) character file.

144702 Lessnames the Bludgeoner (level 16, -6/147 HPs)
             Began as a Demigod Fighter on July 5, 2016.
             Mangled by a redback (9 damage)
             ... on level 1 of the Spider Nest on July 6, 2016.
             The game lasted 02:04:45 (43722 turns).

Lessnames the Bludgeoner (Demigod Fighter)         Turns: 43722, Time: 02:04:46

Health: -6/147     AC: 43    Str: 23    XL:     16   Next: 32%
Magic:  19/19      EV:  4    Int: 15    God:
Gold:   70         SH: 17    Dex: 17    Spells: 3 memorised, 11 levels left

rFire  + . .     SeeInvis +     N - +1 flail (protect)
rCold  . . .     Gourm    .     u - +8 orange crystal plate armour {Archmagi, Int+3 Clar SustAt}
rNeg   . . .     Faith    .     S - +2 shield {AC+3}
rPois  .         Spirit   .     (helmet restricted)
rElec  .         Dismiss  .     L - +0 cloak
rCorr  .         Reflect  .     b - +0 pair of gloves
SustAt +         Harm     .     Q - +0 pair of boots
MR     ++...     Clarity  +     (no amulet)
Stlth  ..........               P - ring of protection from fire
                                t - ring of see invisible

@: lethally poisoned (-6 -> -6), studying Armour, very resistant to hostile
enchantments, extremely unstealthy
A: antennae 1, large bone plates 1, blurry vision 1, high mp 1, magic resistance
1, weak 2, no device heal 1, sustain attributes
a: no special abilities


You were on level 1 of the Spider Nest.
You were not hungry.

You visited 6 branches of the dungeon, and saw 26 of its levels.
You also visited: Labyrinth, Ice Cave and Wizlab.

You collected 2983 gold pieces.
You spent 2913 gold pieces at shops.

Inventory:

Hand Weapons
 N - a +1 flail of protection (weapon)
Missiles
 j - 18 javelins (quivered)
 v - a throwing net
 z - 6 javelins of penetration
Armour
 b - a +0 pair of gloves (worn)
 u - the +8 orange crystal plate armour (worn) {Archmagi, Int+3 Clar SustAt}
   (You bought it in a shop on level 5 of the Dungeon)

   It affects your intelligence (+3).
   It sustains your strength, intelligence and dexterity.
   It protects you against confusion.
 y - the +0 helmet of the Townfolk {+Inv rF+ Regen+}
   (You found it in a labyrinth)

   It protects you from fire.
   It lets you turn invisible.
   It increases your rate of regeneration.
 L - a +0 cloak (worn)
 Q - a +0 pair of boots (worn)
 S - a +2 shield of protection (worn)
Jewellery
 t - a ring of see invisible (left hand)
 P - a ring of protection from fire (right hand)
 V - an uncursed ring of ice
Scrolls
 a - a scroll of fear
 e - 5 scrolls of remove curse
 l - 6 scrolls of teleportation
 m - 4 scrolls of recharging
 o - 2 scrolls of immolation
 p - 5 scrolls of enchant weapon
 s - a scroll of acquirement {unknown}
 x - a scroll of noise {unknown}
 D - 4 scrolls of random uselessness
 F - a scroll of torment
 G - 4 scrolls of enchant armour
 H - a scroll of holy word
 I - a scroll of fog
 J - a scroll of brand weapon {unknown}
 K - a scroll of magic mapping
 W - a scroll of vulnerability
Potions
 c - 2 potions of mutation
 d - 2 potions of might
 h - 7 potions of flight
 i - 3 potions of magic
 k - a potion of haste
 r - 3 potions of brilliance
 B - 2 potions of agility
 C - 2 potions of cancellation
 E - 4 potions of ambrosia
 O - a potion of heal wounds
 R - a potion of experience {unknown}
 X - a potion of beneficial mutation {unknown}
 Y - 2 potions of cure mutation
 Z - 2 potions of resistance
Books
 M - a manual of
Armour
 T - a book of Enchantments

   Spells                             Type                      Level
   a - Cause Fear                     Hexes                        4
   b - Yara's Violent Unravelling     Hexes/Transmutation          5
   c - Silence                        Hexes/Air                    5
   d - Deflect Missiles               Charms/Air                   6
   e - Haste                          Charms                       6
   f - Discord                        Hexes                        8
Miscellaneous
 U - a phantom mirror
Comestibles
 f - 15 bread rations
 g - 17 meat rations
 q - 32 fruits
 A - 2 beef jerkies


   Skills:
 + Level 14.4 Fighting
 + Level 17.6 Maces & Flails
 * Level 11.3 Armour
 + Level 12.7 Shields


You had 11 spell levels left.
You knew the following spells:

 Your Spells              Type           Power        Failure   Level  Hunger
a - Blink                 Tloc           N/A          100%        2    ###....
b - Apportation           Tloc           #.........   100%        1    ##.....
c - Summon Butterflies    Summ           #.......     100%        1    ##.....


Dungeon Overview and Level Annotations

Branches:
Dungeon (15/15)            Temple (0/1) D:5            Lair (6/6) D:8
 Shoals (0/4) Lair:4       Spider (1/4) Lair:3        Slime (0/5) Lair:6
    Orc (2/2) D:10            Elf (1/3) Orc:2        Vaults (0/5) D:14
 Depths (1/5) D:15

Shops:
D:5 [   D:6 ?   D:12 =   D:13 *   D:15 }   Orc:2 ??:((

Annotations:
Lair:6 exclusion: 3 oklob plants


Innate Abilities, Weirdness & Mutations

You have an increased reservoir of magic. (+10% MP)
Your attributes are resistant to harm.
You have a pair of small antennae on your head.
You are partially covered in large bone plates. (AC +2, SH +2)
Scrolls take you a little longer to read.
You are resistant to hostile enchantments. (MR+)
You are very weak. (Str -4)
Potions and wands are less effective at restoring your health.


Message History

The redback bites you but does no damage.
You block the wolf spider's attack. x2
You bludgeon the wolf spider!!
The wolf spider is almost dead.
You block the redback's attack. You block the wolf spider's attack.
The wolf spider bites you but does no damage.
You are too injured to fight recklessly!
You are too injured to fight recklessly!
You are too injured to fight recklessly!
You are too injured to fight recklessly!
You hit the wolf spider.
The wolf spider is almost dead.
You block the redback's attack. The wolf spider hits you!
* * * LOW HITPOINT WARNING * * *
The wolf spider bites you but does no damage.
A redback comes into view.
You bludgeon the wolf spider!!
You kill the wolf spider!
You feel sick. The redback bites you!
You die...

.##......####............###
..#...#### ##............#
.####### ##..........## ##.....##
#......###### #.......#
####......##.##
.....^#####..#..........#
.....##.##...######^...##
........#^.......#.....#
........##.....†@.....## ###
..†......#......s.....# #.##
..#†........#####...^######..#
..##........##.#.......##^..^#
..###....#.##....s......##...##
..##.....###.............##...##
.##......#..^........^....##...#
..#......#.....................#
..#......#........#............##


You could see 2 redbacks.

Vanquished Creatures
  A lich (Depths:1)
  Gastronok (D:8)
  Kirke (D:13)
  A frost giant (IceCv)
  Nessos (D:14)
  A very ugly thing (Depths:1)
  The ghost of Zebura the Blocker, a journeyman HaBe of Trog (WizLab)
  An orange crystal statue (WizLab)
  A spark wasp (Spider:1)
  A fire dragon (Depths:1)
  A minotaur (Lab)
  A great orb of eyes (D:12)
  Erolcha (D:13)
  7 hydras
  A catoblepas (Lair:6)
  7 centaur warriors
  A death knight (D:13)
  10 death yaks
  2 dancing weapons
  A deep troll shaman (Lair:6)
  2 tengu warriors
  An orc high priest (Orc:2)
  A death drake (Lair:1)
  A fire crab (Lair:6)
  A giant orange brain (Depths:1)
  3 skeletal warriors (D:12)
  2 unseen horrors
  A deep elf archer (Elf:1)
  An ironbrand convoker (D:14)
  5 hill giants
  A wizard (D:15)
  A necromancer (D:15)
  4 griffons
  Pikel (D:8)
  A phantasmal warrior (D:14)
  A hornet (shapeshifter) (Orc:2)
  3 orc knights
  13 ugly things
  9 wolf spiders (Spider:1)
  A hornet (Spider:1)
  5 deep elf magi
  A manticore (D:14)
  4 orc sorcerers
  6 cyclopes
  4 orb spiders (Spider:1)
  18 elephants
  2 sirens (Lair:4)
  4 centaur zombies
  A moth of wrath (Spider:1)
  A naga mage (D:15)
  3 black mambas
  Joseph (D:10)
  2 gargoyles
  4 centaur skeletons
  4 freezing wraiths (D:14)
  7 komodo dragons
  2 rime drakes
  10 spiny frogs
  A yaktaur (D:15)
  An efreet (D:13)
  2 kobold demonologists (D:13)
  4 demonic crawlers (Spider:1)
  2 merfolk (Lair:4)
  7 trolls
  2 tengu conjurers
  13 polar bears
  4 meliai
  12 jumping spiders
  6 two-headed ogres
  2 wolf spider simulacra (D:15)
  14 blink frogs
  8 slime creatures
  A meliai zombie (D:15)
  A hornet zombie (D:13)
  A centaur simulacrum (D:15)
  75 yaks
  24 redbacks
  3 shadows
  2 wyverns
  11 tarantellas (Spider:1)
  A wraith (D:14)
  16 humans
  4 basilisks
  3 hogs
  A steam dragon (D:14)
  A water elemental (Elf:1)
  11 hippogriffs
  4 vampire mosquitoes (D:12)
  3 hungry ghosts
  2 wargs
  A mottled dragon (D:7)
  A naga (shapeshifter) (Elf:1)
  A soldier ant (D:14)
  16 water moccasins
  15 porcupines
  A water moccasin (shapeshifter) (D:14)
  3 slaves
  39 orc warriors
  6 sky beasts
  3 ice beasts
  2 eyes of draining
  2 phantoms (D:8)
  A wasp (D:13)
  3 black bears
  2 necrophages
  22 wolves
  11 ogres
  16 crocodiles
  14 centaurs
  22 giant frogs
  5 big kobolds
  An earth elemental (Lab)
  A gnoll sergeant (D:12)
  A water moccasin zombie (D:7)
  2 wyvern zombies
  2 scorpions
  9 killer bees (D:9)
  An electric eel (Lair:1)
  14 wights
  3 howler monkeys (D:13)
  4 crimson imps
  2 quasits
  12 hounds
  5 jellies
  33 orc priests
  46 orc wizards
  4 giant frog skeletons
  Natasha (thrice) (D:2)
  11 iguanas
  9 worker ants
  2 hell rats (Lair:3)
  11 sheep
  A hound zombie (D:11)
  2 hound skeletons
  A worker ant zombie (D:11)
  6 gnolls
  14 adders
  31 river rats
  3 shadow imps
  An adder zombie (D:8)
  2 adder skeletons
  6 worms
  A dart slug (D:1)
  3 giant geckos
  116 orcs
  3 giant cockroaches
  3 goblins
  5 hobgoblins
  8 jackals
  20 kobolds
  2 quokkas
  6 bats
  8 giant newts
  A jackal zombie (D:5)
  9 rats
  A fungus (Lair:6)
  A plant (Lair:3)
1032 creatures vanquished.

Vanquished Creatures (collateral kills)
  Saint Roka (Orc:1)
1 creature vanquished.

Vanquished Creatures (others)
  A polar bear (IceCv)
  6 yaks (IceCv)
  5 wolves (IceCv)
  4 humans
  An orc priest (Orc:2)
  An orc (D:13)
  10 fungi
  48 plants
76 creatures vanquished.

Grand Total: 1109 creatures vanquished

Notes
Turn   | Place    | Note
-------+----------+-------------------------------------------
     0 | D:1      | Lessnames the Demigod Fighter began the quest for the Orb.
     0 | D:1      | Reached XP level 1. HP: 18/18 MP: 3/3
   141 | D:1      | Reached skill level 2 in Maces & Flails
   242 | D:1      | Reached XP level 2. HP: 16/25 MP: 4/4
   908 | D:2      | Found a faded altar of an unknown god.
   922 | D:2      | Reached skill level 3 in Maces & Flails
  1093 | D:2      | Reached XP level 3. HP: 29/30 MP: 5/5
  1191 | D:2      | Noticed Natasha
  1219 | D:2      | Killed Natasha
  1282 | D:2      | Noticed Natasha
  1285 | D:2      | Killed Natasha
  1285 | D:2      | Reached skill level 4 in Maces & Flails
  1285 | D:2      | Reached XP level 4. HP: 27/38 MP: 6/6
  1765 | D:2      | Noticed Natasha
  1777 | D:2      | Killed Natasha
  2094 | D:3      | Reached XP level 5. HP: 37/45 MP: 7/7
  2633 | D:3      | Found a shimmering altar of Xom.
  2637 | D:3      | Found a stormy altar of Qazlal.
  2637 | D:3      | Found an opulent altar of Gozag.
  2650 | D:3      | Found a sacrificial altar of Ru.
  2654 | D:3      | Found a bloodstained altar of Trog.
  3149 | D:3      | Reached skill level 5 in Maces & Flails
  3621 | D:3      | Reached XP level 6. HP: 40/52 MP: 8/8
  3738 | D:3      | Found a deep blue altar of Sif Muna.
  4031 | D:4      | Found an ancient bone altar of Kikubaaqudgha.
  4237 | D:4      | Found a snail-covered altar of Cheibriados.
  4506 | D:4      | Found an ancient bone altar of Kikubaaqudgha.
  4514 | D:4      | Noticed a human
  4517 | D:4      | Killed a human
  4608 | D:5      | Entered Level 5 of the Dungeon
  4713 | D:5      | Found a staircase to the Ecumenical Temple.
  4922 | D:5      | Reached skill level 6 in Maces & Flails
  4946 | D:5      | Found Geloq's Antique Armour Boutique.
  5129 | D:5      | Reached XP level 7. HP: 28/60 MP: 9/9
  5308 | D:6      | Found Piamu's Magic Scroll Boutique.
  5314 | D:6      | Bought a scroll of teleportation for 39 gold pieces
  5372 | D:6      | You fall through a shaft for 3 floors!
  5372 | D:9      | Found a basalt altar of Yredelemnul.
  5393 | D:9      | Reached skill level 5 in Fighting
  5514 | D:9      | Found a shadowy altar of Dithmenos.
  5609 | D:8      | Reached skill level 7 in Maces & Flails
  5624 | D:8      | Found an oddly glowing altar of Pakellas.
  6004 | D:8      | Reached XP level 8. HP: 70/70 MP: 10/10
  6061 | D:8      | Noticed Gastronok
  6086 | D:8      | Noticed Pikel
  6160 | D:6      | Reached skill level 8 in Maces & Flails
  7357 | D:7      | Reached skill level 9 in Maces & Flails
  7684 | D:7      | Reached XP level 9. HP: 56/79 MP: 11/11
  7845 | D:7      | Found a glowing golden altar of the Shining One.
  8026 | D:8      | Noticed Maurice
  8373 | D:8      | Noticed a komodo dragon
  8399 | D:8      | Killed a komodo dragon
  8416 | D:8      | Killed Gastronok
  8416 | D:8      | Reached skill level 10 in Maces & Flails
  8424 | D:8      | Reached skill level 11 in Maces & Flails
  8517 | D:8      | Reached XP level 10. HP: 77/90 MP: 13/13
  8523 | D:8      | Killed Pikel
  8542 | D:8      | Noticed Maurice
  8542 | D:8      | Maurice changed into Maurice the two-headed ogre
  8576 | D:8      | Killed Maurice the two-headed ogre
  8805 | D:8      | Found a staircase to the Lair.
  9312 | D:9      | Found a blossoming altar of Fedhas.
  9579 | D:9      | Reached skill level 12 in Maces & Flails
  9618 | D:9      | Found a hazy altar of Hepliaklqana.
  9737 | D:10     | Entered Level 10 of the Dungeon
  9857 | D:10     | Reached skill level 10 in Fighting
 10275 | D:10     | Reached XP level 11. HP: 83/100 MP: 14/14
 10404 | D:10     | Noticed Joseph
 10432 | D:10     | Killed Joseph
 10491 | D:10     | Learned a level 2 spell: Blink
 10635 | D:10     | Found a staircase to the Orcish Mines.
 10975 | Lair:1   | Entered Level 1 of the Lair of Beasts
 11037 | Lair:1   | Learned a level 1 spell: Apportation
 11046 | Lair:1   | Learned a level 1 spell: Summon Butterflies
 11271 | Lair:1   | Reached skill level 13 in Maces & Flails
 11385 | Lair:1   | Got an iridescent battleaxe
 11386 | Lair:1   | Identified the cursed +3 battleaxe of Mandamus {flame, rPois Dex+3} (You found it on level 1 of the Lair of Beasts)
 11459 | Lair:1   | Noticed Erica
 11460 | Lair:1   | Noticed Erica
 11460 | Lair:1   | Erica changed into Erica the death drake
 11482 | Lair:1   | Killed Erica the death drake
 11483 | Lair:1   | HP: 4/101 [poison (dark miasma)]
 13212 | Lair:2   | Noticed a six-headed hydra
 13236 | Lair:2   | Killed a six-headed hydra
 14165 | Lair:3   | Reached skill level 5 in Armour
 14733 | Lair:3   | Reached XP level 12. HP: 106/110 MP: 15/15
 15029 | Lair:3   | Found a hole to the Spider Nest.
 15108 | Lair:3   | Reached skill level 5 in Shields
 16088 | Lair:4   | Reached skill level 14 in Maces & Flails
 17270 | Lair:4   | Found a staircase to the Shoals.
 18536 | Lair:5   | Noticed a seven-headed hydra
 18544 | Lair:5   | Killed a seven-headed hydra
 18544 | Lair:5   | Reached XP level 13. HP: 103/118 MP: 16/16
 18813 | Lair:6   | Entered Level 6 of the Lair of Beasts
 18872 | Lair:6   | Found a viscous altar of Jiyva.
 18872 | Lair:6   | Found a staircase to the Slime Pits.
 21019 | Lair:6   | Reached skill level 15 in Maces & Flails
 22222 | Orc:1    | Entered Level 1 of the Orcish Mines
 22726 | Orc:2    | Entered Level 2 of the Orcish Mines
 22765 | Orc:2    | Noticed Saint Roka
 23378 | Orc:2    | Found a frozen archway.
 23395 | IceCv    | Entered an ice cave
 23739 | IceCv    | Reached XP level 14. HP: 120/127 MP: 17/17
 24268 | IceCv    | Noticed a frost giant
 24296 | IceCv    | Killed a frost giant
 24817 | IceCv    | Got a faintly glowing chain mail
 24849 | IceCv    | Identified the +4 chain mail "Igoich" {rF+} (You found it in an ice cave)
 25149 | Orc:2    | Found Gisovai's Magic Scroll Shop.
 25159 | Orc:2    | Found a staircase to the Elven Halls.
 25748 | Orc:2    | Gained mutation: Potions and wands are less effective at restoring your health. [a neqoxec]
 26388 | Orc:2    | Found Gutua's Book Emporium.
 26388 | Orc:2    | Found Doucrud's Weapon Shoppe.
 26389 | Orc:2    | Found Doxzom's Weapon Shoppe.
 26398 | Orc:2    | Found Hiebb's Magic Scroll Emporium.
 26708 | Orc:1    | Killed Saint Roka
 27327 | D:11     | Reached skill level 16 in Maces & Flails
 27995 | D:12     | Found Dampakeps's Jewellery Emporium.
 28003 | D:12     | Found a labyrinth entrance.
 28028 | Lab      | Entered a labyrinth
 28498 | Lab      | Identified the Collected Works on Enchantment (You found it in a labyrinth)
 28503 | Lab      | Got a warped helmet
 28514 | Lab      | Identified the +0 helmet of the Townfolk {+Inv rF+ Regen+} (You found it in a labyrinth)
 28517 | Lab      | Identified the Handbook of Conjuration
 28865 | D:12     | Reached skill level 10 in Shields
 29516 | D:13     | Gained mutation: You have a pair of small horns on your head. [mutagenic meat]
 29519 | D:13     | Gained mutation: Your spells are a little easier to cast, but a little less powerful. [mutagenic meat]
 29525 | D:13     | Gained mutation: You are partially covered in rough black scales. (AC +4, Dex -1) [mutagenic meat]
 29525 | D:13     | Gained mutation: Your spells are easier to cast, but less powerful. [potion of mutation]
 29525 | D:13     | Gained mutation: You are surrounded by a mild repulsion field. (EV +2) [potion of mutation]
 29526 | D:13     | Gained mutation: Your mind is acute. (Int +2) [potion of mutation]
 29532 | D:13     | Found Jefin's Assorted Antiques.
 29846 | D:13     | Found a blossoming altar of Fedhas.
 29867 | D:13     | Upgraded the game from 0.19-a0-905-ge5e6a15 to 0.19-a0-926-g4486784
 30101 | D:13     | Noticed Erolcha
 30243 | D:13     | Killed Erolcha
 30694 | D:13     | Reached XP level 15. HP: 128/136 MP: 18/18
 31039 | D:14     | Found a gate to the Vaults.
 31039 | D:14     | Noticed Nessos
 31039 | D:14     | Noticed Kirke
 31534 | D:14     | Noticed a sphinx
 31598 | D:14     | Noticed a sphinx
 31662 | D:13     | Killed Kirke
 33516 | D:14     | Lost mutation: Your mind is acute. (Int +2) [mutagenic meat]
 33537 | D:14     | Gained mutation: You are weak. (Str -2) [mutagenic meat]
 33540 | D:14     | Lost mutation: You have a pair of small horns on your head. [mutagenic meat]
 33972 | D:14     | Reached skill level 10 in Armour
 34129 | D:14     | Killed Nessos
 34299 | D:13     | Gained mutation: You have a pair of small antennae on your head. [mutagenic meat]
 34302 | D:13     | Gained mutation: Scrolls take you a little longer to read. [mutagenic meat]
 34370 | D:14     | Gained mutation: Your flesh is cold resistant. (rC+) [mutagenic meat]
 34445 | D:15     | Entered Level 15 of the Dungeon
 34550 | D:15     | Found Sysmaclu's Gadget Shoppe.
 35186 | D:15     | Reached skill level 17 in Maces & Flails
 35247 | D:15     | Gained mutation: You are resistant to hostile enchantments. (MR+) [mutagenic meat]
 35253 | D:15     | Lost mutation: You are partially covered in rough black scales. (AC +4, Dex -1) [mutagenic meat]
 35256 | D:15     | Lost mutation: You are surrounded by a mild repulsion field. (EV +2) [mutagenic meat]
 36297 | D:15     | Found a staircase to the Depths.
 37321 | Lair:2   | You fall through a shaft for 2 floors!
 37391 | Spider:1 | Entered Level 1 of the Spider Nest
 39979 | Elf:1    | Entered Level 1 of the Elven Halls
 39990 | Orc:2    | Reached XP level 16. HP: 141/146 MP: 19/19
 41234 | D:5      | Bought the +8 orange crystal plate armour {Archmagi, Int+3 Clar SustAt} for 2874 gold pieces
 41536 | Depths:1 | Entered Level 1 of the Depths
 41573 | Depths:1 | Found a magical portal.
 41578 | WizLab   | Entered Wucad Mu's Monastery
 41706 | WizLab   | Noticed Zebura's ghost (journeyman HaBe)
 41763 | WizLab   | Killed Zebura's ghost
 42424 | Depths:1 | Noticed a lich
 42466 | Depths:1 | Noticed a Hell Sentinel
 42474 | Depths:1 | Killed a lich
 42663 | D:15     | Lost mutation: Your spells are easier to cast, but less powerful. [mutagenic meat]
 42669 | D:15     | Lost mutation: Your flesh is cold resistant. (rC+) [mutagenic meat]
 42672 | D:15     | Gained mutation: You are very weak. (Str -4) [mutagenic meat]
 42675 | D:15     | Lost mutation: Your spells are a little easier to cast, but a little less powerful. [mutagenic meat]
 42678 | D:15     | Gained mutation: You are partially covered in large bone plates. (AC +2, SH +2) [mutagenic meat]
 43660 | Spider:1 | Paralysed by a hornet for 1 turns
 43721 | Spider:1 | HP: 4/147 [wolf spider (13)]
 43722 | Spider:1 | Mangled by a redback

Vault maps used:
D:1:      eino_arrival_cavern_e, minmay_domino_2
D:2:      ecumenical_altar_1, first_bread, grunt_ministairs_10,
          minmay_misc_feat_five, kennysheep_big_empty_room, moated_statue,
          uniq_natasha
D:3:      minmay_overflow_temple_star_hex, led_sif_pool, serial_bayou_pond_c
D:4:      lemuel_doored_altar, kiku_gazebo_pond_becter, st_stairs_12,
          tgw_kikubaaqudgha
D:5:      serial_shops, shop
D:6:      serial_shops, nicolae_shop_temple_entry_statues_fountains,
          minmay_door_square
D:7:      basic_altar
D:8:      david_lair_shrubbed, basic_altar, hangedman_abyss_or_decor_stabs,
          kennysheep_doodads, uniq_pikel, uniq_maurice, uniq_gastronok
D:9:      yredelemnul_altar_generic, kennysheep_mini_moat,
          nicolae_dithmenos_shadow_blocks, old_standard_altar,
          blue_anna_alchemist
D:10:     david_orc_4, uniq_joseph
D:12:     lab_entry_generic, serial_shops, nicolae_shop_behind_doors,
          corexii_hall_statues_u
D:13:     lemuel_ice_spiral_2, serial_shops, shop, fedhas_altar_1, uniq_erolcha
D:14:     david_vaults_3, nicolae_sextant, uniq_kirke
D:15:     grunt_enter_depths_magical_seal, hangedman_decor_diamond_cutter,
          serial_shops, nicolae_shop_temple_entry_statues_fountains
Lair:1:   infiniplex_staircase_pool, grunt_megastairs_4, lemuel_fruit_fields,
          serial_bayou_shore_b, uniq_erica
Lair:3:   kennysheep_rathole, nicolae_spider_entry_tight_spaces,
          beast_lair_carwin_8
Lair:4:   elwin_shoals_entry_stream
Lair:6:   grunt_lair_end_beastmaster, slime_altar_1, dpeg_oklob_1
Orc:2:    st_orc_mages, portal_ice_cave_entry_pillars_2, serial_shops, shop,
          uniq_saint_roka
Elf:1:    eino_elf_arrival_the_gate, serial_shops, shop, evilmike_minifort,
          grunt_ministairs_7, roderic_lattice_octagonal_star
Depths:1: pf_coc_iceberg, mu_enter_wizlab_2, serial_column_ruins,
          column_ruins_portal_hut, column_ruins_hut, column_ruins_grid_1,
          column_ruins_open_medium, column_ruins_open_tiny,
          column_ruins_open_tiny, serial_shops, shop_fountains,
          bh_walls_and_bars, minmay_misc_feat_room, minmay_misc_feat_cross,
          nicolae_transmutations_shop
Lab:      nicolae_lab_dead_adventurers, nicolae_lab_grate_2, nicolae_lab_grate,
          nicolae_lab_blocks, nicolae_lab_t_cross, nicolae_lab_lava,
          nicolae_lab_plus, labyrinth_skeletal_remains
IceCv:    ice_cave_caverns_02
WizLab:   wizlab_wucad

Skill      XL: |  1  2  3  4  5  6  7  8  9 10 11 12 13 14 15 16 |
---------------+-------------------------------------------------+-----
Maces & Flails | 2 3 4 5 6 7 9 11 12 13 14 15 16 17 | 17.6
Fighting       | 3 4 6 7 8 10 11 12 13 14 | 14.4
Shields        | 4 7 8 10 12 | 12.7
Armour         | 5 7 8 9 10 11 | 11.3

Action                   |  1- 3 |  4- 6 |  7- 9 | 10-12 | 13-15 | 16-18 || total
-------------------------+-------+-------+-------+-------+-------+-------++-------
Melee: Flail             |   105 |   274 |   476 |  1329 |  3504 |   529 ||  6217
       Headbutt          |       |       |       |       |   228 |       ||   228
       Unarmed           |       |       |       |       |     5 |       ||     5
Throw: Tomahawk          |     5 |    17 |    13 |     8 |     7 |       ||    50
       Javelin           |       |       |       |       |    11 |       ||    11
Evoke: Wand              |       |       |     2 |    10 |     4 |       ||    16
  Use: Scroll            |       |       |    10 |     9 |    24 |     4 ||    47
       Potion            |       |       |     7 |     5 |    12 |     6 ||    30
 Stab: Invisible         |       |       |     5 |     3 |       |       ||     8
       Petrifying        |       |       |       |       |     5 |       ||     5
       Petrified         |       |       |       |       |     3 |       ||     3
       Paralysed         |       |       |       |       |     2 |       ||     2
       Distracted        |       |       |       |       |     1 |       ||     1
  Eat: Chunk             |     1 |    13 |    12 |    29 |    90 |    12 ||   157
       Beef jerky        |       |       |     1 |     1 |       |     4 ||     6
       Royal jelly       |       |       |       |     1 |     1 |       ||     2
       Pizza             |       |       |       |     1 |     3 |       ||     4
Armor: Scale mail        |    38 |    78 |       |       |       |       ||   116
       Chain mail        |       |    41 |    83 |   291 |  1370 |    26 ||  1811
       Plate armour      |       |       |   162 |   228 |       |       ||   390
       Crystal plate arm |       |       |       |       |       |   347 ||   347
Dodge: Dodged            |    34 |    69 |    61 |   194 |   630 |    98 ||  1086
Block: Shield            |    52 |   153 |   230 |   545 |  1928 |   496 ||  3404
